A+ CENTRAL
DAYTON DRAGONS @ LANSING LUGNUTS
09/16/2041
 
TOP OF THE 1ST
Dayton Dragons batting - Pitching for Lansing Lugnuts : RHP Ignacio Cuevas
Pitching: RHP Ignacio Cuevas
Batting: LHB César Ortíz 0-0: Ball
1-0: Ball
2-0: Called Strike
2-1: Foul Ball, location: 2F
2-2: Ball
3-2: Base on Balls
Batting: RHB Ted Shields 0-0: Called Strike
0-1: Bunted foul
0-2: Strikes out swinging
Batting: RHB José García 0-0: Ball
1-0: Called Strike
1-1: Fly out, F7 (Flyball, 78D, EV 85.6 MPH)
Batting: SHB Jorge Olivo 0-0: Fly out, F8 (Flyball, 8LM, EV 94.4 MPH)
Top of the 1st over - 0 runs, 0 hits, 0 errors, 1 left on base; Dayton 0 - Lansing 0
BOTTOM OF THE 1ST
Lansing Lugnuts batting - Pitching for Dayton Dragons : LHP Freddy Guillén
Pitching: LHP Freddy Guillén
Batting: RHB Tomás López 0-0: Ball
1-0: Ball
2-0: Ball
3-0: Called Strike
3-1: Base on Balls
Batting: LHB Jim Gibson 0-0: SINGLE (Groundball, 13, EV 72.5 MPH) (infield hit)
Tomás López to second
Batting: LHB Stu Caldwell 0-0: Called Strike
0-1: SINGLE (Line Drive, 7LS, EV 108.8 MPH)
Tomás López to third
Jim Gibson to second
Runner from 3rd tries for Home, SAFE, throw by LF to home
Batting: RHB Dan Wilhelm 0-0: DOUBLE (Line Drive, 89XD, EV 108.1 MPH)
Jim Gibson scores
Stu Caldwell to third
Batting: RHB Andy Gray 0-0: Ball
1-0: SINGLE (Line Drive, 6M, EV 98.8 MPH)
Stu Caldwell scores
Dan Wilhelm to third
Batting: LHB Eric Moon 0-0: Ball
1-0: Fly out, F7 (Line Drive, 7, EV 95.6 MPH)
Runner from 3rd tags up, OUT at HOME! 7-2
Andy Gray to second
Batting: LHB Arturo Souza 0-0: Ball
1-0: Fly out, F6 (Popup, 6S, EV 75.0 MPH)
Bottom of the 1st over - 3 runs, 4 hits, 0 errors, 1 left on base; Dayton 0 - Lansing 3
TOP OF THE 2ND
Dayton Dragons batting - Pitching for Lansing Lugnuts : RHP Ignacio Cuevas
Batting: LHB Mauro Vázquez 0-0: Called Strike
0-1: Ball
1-1: Called Strike
1-2: Fly out, F7 (Flyball, 7D, EV 98.8 MPH)
Batting: RHB Norberto Gallegos 0-0: DOUBLE (Groundball, 5L, EV 106.3 MPH)
Batting: LHB Mike Jenkins 0-0: Called Strike
0-1: Foul Ball, location: 9LSFF
0-2: Foul Ball, location: 25F
0-2: Strikes out swinging
Batting: RHB Oscar Mack 0-0: Called Strike
0-1: Ground out 6-3 (Groundball, 6MD, EV 97.5 MPH)
Top of the 2nd over - 0 runs, 1 hit, 0 errors, 1 left on base; Dayton 0 - Lansing 3
BOTTOM OF THE 2ND
Lansing Lugnuts batting - Pitching for Dayton Dragons : LHP Freddy Guillén
Batting: RHB Wally Jones 0-0: Called Strike
0-1: Ground out 4-3 (Groundball, 4, EV 86.3 MPH)
Batting: RHB Danny Dundee 0-0: Ball
1-0: Ball
2-0: Swinging Strike
2-1: Foul Ball, location: 9LDF
2-2: Ball
3-2: Strikes out looking
Batting: RHB Tomás López 0-0: Ground out 6-3 (Groundball, 6, EV 81.3 MPH)
Bottom of the 2nd over - 0 runs, 0 hits, 0 errors, 0 left on base; Dayton 0 - Lansing 3
TOP OF THE 3RD
Dayton Dragons batting - Pitching for Lansing Lugnuts : RHP Ignacio Cuevas
Batting: LHB Dave Forrest 0-0: Called Strike
0-1: Swinging Strike
0-2: Fly out, F8 (Flyball, 8RM, EV 89.4 MPH)
Batting: LHB César Ortíz 0-0: Ground out 6-3 (Groundball, 6, EV 91.3 MPH)
Batting: RHB Ted Shields 0-0: Ball
1-0: Ball
2-0: Swinging Strike
2-1: Foul Ball, location: 23F
2-2: Foul Ball, location: 2F
2-2: Ground out 5-3 (Groundball, 5L, EV 103.8 MPH)
Top of the 3rd over - 0 runs, 0 hits, 0 errors, 0 left on base; Dayton 0 - Lansing 3
BOTTOM OF THE 3RD
Lansing Lugnuts batting - Pitching for Dayton Dragons : LHP Freddy Guillén
Batting: LHB Jim Gibson 0-0: Ball
1-0: Ball
2-0: Bunted foul
2-1: Ball
3-1: Base on Balls
Batting: LHB Stu Caldwell 0-0: Ball
Wild Pitch!
Jim Gibson to second
1-0: SINGLE (Groundball, 6MD, EV 101.3 MPH)
Jim Gibson to third
Runner from 3rd tries for Home, throw by CF and OUT! 8-2
Stu Caldwell to second
Batting: RHB Dan Wilhelm 0-0: Ball
1-0: Foul Ball, location: 23F
1-1: SINGLE (Line Drive, 8RS, EV 96.9 MPH)
Stu Caldwell to third
Runner from 3rd tries for Home, SAFE, throw by CF to home
Batting: RHB Andy Gray 0-0: Grounds into double play, U6-3 (Groundball, 4M, EV 103.1 MPH)
Bottom of the 3rd over - 1 run, 2 hits, 0 errors, 0 left on base; Dayton 0 - Lansing 4
TOP OF THE 4TH
Dayton Dragons batting - Pitching for Lansing Lugnuts : RHP Ignacio Cuevas
Batting: RHB José García 0-0: Called Strike
0-1: Ground out 2-3 (Groundball, 15S, EV 67.5 MPH)
Batting: SHB Jorge Olivo 0-0: Ball
1-0: Called Strike
1-1: Ball
2-1: Swinging Strike
2-2: Foul Ball, location: 3F
2-2: Ball
3-2: Foul Ball, location: 2F
3-2: Foul Ball, location: 9LMF
3-2: Base on Balls
Batting: LHB Mauro Vázquez 0-0: Called Strike
0-1: Ball
1-1: Ball
2-1: Ball
3-1: Foul Ball, location: 2F
3-2: Foul Ball, location: 2F
3-2: Base on Balls
Jorge Olivo to second
Batting: RHB Norberto Gallegos 0-0: Ball
1-0: Grounds into double play, 4-6-3 (Groundball, 4, EV 91.9 MPH)
Top of the 4th over - 0 runs, 0 hits, 0 errors, 1 left on base; Dayton 0 - Lansing 4
BOTTOM OF THE 4TH
Lansing Lugnuts batting - Pitching for Dayton Dragons : LHP Freddy Guillén
Batting: LHB Eric Moon 0-0: Ball
1-0: Ball
2-0: Called Strike
2-1: Ball
3-1: Foul Ball, location: 7LMF
3-2: Base on Balls
Batting: LHB Arturo Souza 0-0: Called Strike
0-1: Ball
1-1: Ball
2-1: Ball
3-1: Grounds into double play, 5-4-3 (Groundball, 56, EV 86.9 MPH)
Batting: RHB Wally Jones 0-0: Swinging Strike
0-1: Foul Ball, location: 2F
0-2: Ball
1-2: Foul Ball, location: 2F
1-2: Ground out 5-3 (Groundball, 56, EV 99.4 MPH)
Bottom of the 4th over - 0 runs, 0 hits, 0 errors, 0 left on base; Dayton 0 - Lansing 4
TOP OF THE 5TH
Dayton Dragons batting - Pitching for Lansing Lugnuts : RHP Ignacio Cuevas
Batting: LHB Mike Jenkins 0-0: Swinging Strike
0-1: Called Strike
0-2: Ball
1-2: Fly out, F8 (Flyball, 8LM, EV 78.1 MPH)
Batting: RHB Oscar Mack 0-0: Called Strike
0-1: Ball
1-1: Swinging Strike
1-2: Ball
2-2: Strikes out swinging
Batting: LHB Dave Forrest 0-0: Swinging Strike
0-1: SINGLE (Line Drive, 7LS, EV 97.5 MPH)
Batting: LHB César Ortíz 0-0: Swinging Strike
0-1: SINGLE (Groundball, 34S, EV 86.3 MPH) (infield hit)
Dave Forrest to second
Batting: RHB Ted Shields 0-0: Ball
1-0: Ball
2-0: Ball
3-0: Called Strike
3-1: Base on Balls
Dave Forrest to third
César Ortíz to second
Batting: RHB José García 0-0: Foul Ball, location: 23F
0-1: Fly out, F7 (Flyball, 78S, EV 85.6 MPH)
Top of the 5th over - 0 runs, 2 hits, 0 errors, 3 left on base; Dayton 0 - Lansing 4
BOTTOM OF THE 5TH
Lansing Lugnuts batting - Pitching for Dayton Dragons : LHP Freddy Guillén
Batting: RHB Danny Dundee 0-0: Ball
1-0: Ball
2-0: Called Strike
2-1: Called Strike
2-2: Ground out 4-3 (Groundball, 4S, EV 85.6 MPH)
Batting: RHB Tomás López 0-0: Ball
1-0: Called Strike
1-1: Ground out 5-3 (Groundball, 5L, EV 85.0 MPH)
Batting: LHB Jim Gibson 0-0: Swinging Strike
0-1: Swinging Strike
0-2: Ball
1-2: Fly out, F8 (Line Drive, 8RD, EV 92.5 MPH)
Bottom of the 5th over - 0 runs, 0 hits, 0 errors, 0 left on base; Dayton 0 - Lansing 4
TOP OF THE 6TH
Dayton Dragons batting - Pitching for Lansing Lugnuts : RHP Ignacio Cuevas
Batting: SHB Jorge Olivo 0-0: Called Strike
0-1: Foul Ball, location: 9LDF
0-2: Ball
1-2: Strikes out swinging
Batting: LHB Mauro Vázquez 0-0: Ball
1-0: Fly out, F8 (Flyball, 8LM, EV 95.6 MPH)
Batting: RHB Norberto Gallegos 0-0: Ball
1-0: Called Strike
1-1: Ball
2-1: Ball
3-1: Base on Balls
Pitching: RHP Nelson Matos
Batting: LHB Mike Jenkins 0-0: Called Strike
0-1: Called Strike
0-2: Strikes out swinging
Top of the 6th over - 0 runs, 0 hits, 0 errors, 1 left on base; Dayton 0 - Lansing 4
BOTTOM OF THE 6TH
Lansing Lugnuts batting - Pitching for Dayton Dragons : LHP Freddy Guillén
Batting: LHB Stu Caldwell 0-0: Ground out 4-3 (Groundball, 4, EV 103.1 MPH)
Batting: RHB Dan Wilhelm 0-0: Ball
1-0: Swinging Strike
1-1: Called Strike
1-2: Ball
2-2: Strikes out looking
Batting: RHB Andy Gray 0-0: Called Strike
0-1: Fly out, F9 (Flyball, 89M, EV 86.3 MPH)
Bottom of the 6th over - 0 runs, 0 hits, 0 errors, 0 left on base; Dayton 0 - Lansing 4
TOP OF THE 7TH
Dayton Dragons batting - Pitching for Lansing Lugnuts : RHP Nelson Matos
Pinch Hitting: SHB Dan Gray 0-0: Ball
1-0: Called Strike
1-1: Ball
2-1: Ball
3-1: Called Strike
3-2: Base on Balls
Batting: LHB Dave Forrest 0-0: Ball
1-0: Ball
2-0: Foul Ball, location: 2F
2-1: Foul Ball, location: 7LDF
2-2: Foul Ball, location: 7LMF
2-2: Strikes out swinging
Batting: LHB César Ortíz 0-0: Foul Ball, location: 2F
0-1: Ball
1-1: Fly out, F7 (Flyball, 7S, EV 86.9 MPH)
Pinch Hitting: RHB António Zamora 0-0: Ball
1-0: Ball
Dan Gray steals 2nd base
2-0: Fly out, F3 (Popup, 3S, EV 70.0 MPH)
Top of the 7th over - 0 runs, 0 hits, 0 errors, 1 left on base; Dayton 0 - Lansing 4
BOTTOM OF THE 7TH
Lansing Lugnuts batting - Pitching for Dayton Dragons : LHP Freddy Guillén
Now at 3B: Dan Gray
Now in CF: Ken Adams
Batting: LHB Eric Moon 0-0: Ball
1-0: SINGLE (Groundball, 4S, EV 75.0 MPH) (infield hit)
Batting: LHB Arturo Souza 0-0: Ball
1-0: Ball
2-0: Grounds into double play, 6-4-3 (Groundball, 6, EV 108.1 MPH)
Batting: RHB Wally Jones 0-0: Called Strike
0-1: Ball
1-1: Called Strike
1-2: Ball
2-2: Foul Ball, location: 23F
2-2: Ball
3-2: Strikes out swinging
Bottom of the 7th over - 0 runs, 1 hit, 0 errors, 0 left on base; Dayton 0 - Lansing 4
TOP OF THE 8TH
Dayton Dragons batting - Pitching for Lansing Lugnuts : RHP Nelson Matos
Batting: RHB José García 0-0: Ball
1-0: Ball
2-0: Foul Ball, location: 2F
2-1: Ball
3-1: Called Strike
3-2: Foul Ball, location: 2F
3-2: Base on Balls
Batting: SHB Jorge Olivo 0-0: Ball
1-0: Ball
2-0: Ball
3-0: Foul Ball, location: 7LMF
3-1: SINGLE (Groundball, 4MD, EV 96.9 MPH)
José García to second
Runner from 2nd tries for 3rd, OUT! 8-5
Batting: LHB Mauro Vázquez 0-0: Ball
1-0: Swinging Strike
1-1: Fly out, F7 (Line Drive, 7, EV 96.3 MPH)
Batting: RHB Norberto Gallegos 0-0: Ball
1-0: Ball
2-0: DOUBLE (Flyball, 8RXD, EV 95.6 MPH)
Jorge Olivo to third
Runner from 3rd tries for Home, SAFE, no throw by CF
Batting: LHB Mike Jenkins 0-0: Ball
1-0: Foul Ball, location: 23F
1-1: Ground out U3 (Groundball, 34, EV 85.6 MPH)
Top of the 8th over - 1 run, 2 hits, 0 errors, 1 left on base; Dayton 1 - Lansing 4
BOTTOM OF THE 8TH
Lansing Lugnuts batting - Pitching for Dayton Dragons : LHP Freddy Guillén
Batting: RHB Danny Dundee 0-0: DOUBLE (Line Drive, 9LM, EV 111.9 MPH)
Batting: RHB Tomás López 0-0: Sac Bunt to 5S - play at first, batter safe!
Danny Dundee to third
Batting: LHB Jim Gibson 0-0: Called Strike
0-1: Ball
1-1: Swinging Strike
1-2: Ball
2-2: Fly out, F8 (Flyball, 8RD, EV 99.4 MPH)
Runner from 3rd tags up, SCORES, throw by CF
Pitching: LHP José Rivera
Batting: LHB Stu Caldwell 0-0: Ball
1-0: Swinging Strike
1-1: Ball
2-1: Foul Ball, location: 3F
2-2: Foul Ball, location: 2F
2-2: Ball
3-2: Foul Ball, location: 2F
3-2: Strikes out swinging
Batting: RHB Dan Wilhelm 0-0: Foul Ball, location: 9LDF
0-1: Called Strike
0-2: Ball
1-2: Ball
Tomás López is caught stealing 2nd base 2-4
Bottom of the 8th over - 1 run, 2 hits, 0 errors, 0 left on base; Dayton 1 - Lansing 5
TOP OF THE 9TH
Dayton Dragons batting - Pitching for Lansing Lugnuts : RHP Nelson Matos
Batting: SHB Dan Gray 0-0: Ball
1-0: Called Strike
1-1: Fly out, F8 (Flyball, 89S, EV 93.1 MPH)
Pinch Hitting: RHB Pete Gould 0-0: Ball
1-0: Ball
2-0: Foul Ball, location: 25F
2-1: Ball
3-1: Base on Balls
Batting: LHB César Ortíz 0-0: Ball
1-0: Ball
2-0: Ball
3-0: Base on Balls
Pete Gould to second
Pitching: LHP Cisco González
Pinch Hitting: RHB Pat Kirby 0-0: Grounds into double play, 4-6-3 (Groundball, 4S, EV 91.9 MPH)
Top of the 9th over - 0 runs, 0 hits, 0 errors, 1 left on base; Dayton 1 - Lansing 5
Monday, April 1st , 2024 - OOTP Baseball 24.10 Build 82